 Dungeon Crawl Stone Soup version 0.31-a0-600-g62dffe1 (webtiles) character file.

Game seed: 13803563641358799089

32 puffin10 the Shield-Bearer (level 3, -12/33 HPs)
             Began as a Minotaur Fighter on Aug 21, 2023.
             Killed by an exploding Terence (22 damage)
             ... ignited by their inner flame
             ... on level 2 of the Dungeon.
             The game lasted 00:04:02 (825 turns).

puffin10 the Shield-Bearer (Minotaur Fighter)        Turns: 825, Time: 00:04:05

Health: -12/33     AC:  7    Str: 22    XL:     3   Next: 10%
Magic:  2/2        EV:  9    Int:  5    God:
Gold:   88         SH:  4    Dex:  9    Spells: 2/2 levels left

rFire   . . .        a - +0 war axe
rCold   . . .        c - +0 buckler
rNeg    . . .        b - +0 scale mail
rPois   .            (helmet restricted)
rElec   .            (no cloak)
rCorr   .            (no gloves)
SInv    .            (no boots)
Will    .....        (no amulet) Stlth
                     (no ring)
HPRegen 0.25/turn    (no ring)
MPRegen 0.08/turn

%: no passive effects
@: no status effects
A: horns 2, retaliatory headbutt
a: no special abilities


You were on level 2 of the Dungeon.
You visited 1 branch of the dungeon, and saw 2 of its levels.

You collected 88 gold pieces.

Inventory:

Hand Weapons
 a - a +0 war axe (weapon)
Missiles
 g - 2 throwing nets
Armour
 b - a +0 scale mail (worn)
 c - a +0 buckler (worn)
Scrolls
 f - 2 scrolls of teleportation {unknown}
 h - 2 scrolls of identify {unknown}
Potions
 d - a potion of might


   Skills:
 + Level 3.9 Fighting
 * Level 3.4 Axes
 + Level 3.9 Armour
 + Level 4.1 Shields


You had 2 spell levels left.
You didn't know any spells.
Your spell library contained the following spells:

 Spells                   Type           Power      Damage    Failure   Level
 Apportation              Tloc           0%         N/A       86%         1
 Necrotise                Necr           0%         1d4       86%         1
 Summon Small Mammal      Summ           0%         N/A       86%         1
 Inner Flame              Hex/Fire       0%         N/A       99%         3
 Yara's Violent Unravell  Hex/Tmut       0%         3d3       100%        5
 Enfeeble                 Hex            0%         N/A       100%        7


Dungeon Overview and Level Annotations

Branches:
Dungeon (2/15)

Altars:


Innate Abilities, Weirdness & Mutations

You have a pair of horns on your head.
You reflexively headbutt those who attack you in melee.


Message History

You climb downwards.
There is a stone staircase leading up here.
f - 2 scrolls labelled QAGHUI ERUMINWIDGH (gained 1)
Found a stone staircase leading down.
An adder comes into view.
Found a stone staircase leading up.
The adder hisses angrily.
Terence the Incautious comes into view.
He is wielding a +0 mace.
As you read the scroll labelled WYCLI CEIBBITE, it crumbles to dust.
The creatures around you are filled with an inner flame!
It was a scroll of immolation.
Terence shouts!
You hear a shout!
The adder bites you.
There are monsters nearby!
You slash the adder!
Flame seeps out of the adder.
The adder is severely wounded.
The adder is engulfed in blazing flames.
The adder explodes!
The fiery explosion engulfs you!!
Ouch! That really hurt!
* * * LOW HITPOINT WARNING * * *
You hear an angry hiss.
You have reached level 3!
Your experience leads to an increase in your attributes!
Increase (S)trength, (I)ntelligence, or (D)exterity?
You feel stronger. x2
You start resting.
Terence is nearby!
An endoplasm comes into view.
The endoplasm quivers.
A goblin comes into view. It is wielding a +0 dagger.
The goblin shouts!
You slash Terence!
Flame seeps out of Terence.
You headbutt Terence, but do no damage.
Terence is heavily wounded.
Terence is engulfed in blazing flames.
Terence explodes!
The fiery explosion engulfs you!!
Ouch! That really hurt!
You die...

..... ... #.#.#
#.# #....g>.
#.#.#.#.#..
#...@..@..< ####
#..#### ...
#.....#
#.#######.###.#
#...@○g.....#.#
#########.#.#.###
#...J...#
#.....#.#
##...##.#
##.#.##.###
#..........
#..........
#.#..##...


You could see a goblin.

Vanquished Creatures
  Terence (D:2)
  An adder (D:2)
  A dart slug (D:1)
  3 bats (D:1)
  3 endoplasms (D:1)
  A goblin (D:1)
  3 hobgoblins (D:1)
  2 kobolds (D:1)
  3 ball pythons (D:1)
  4 rats (D:1)
22 creatures vanquished.

Notes
Turn   | Place    | Note
-------+----------+-------------------------------------------
     0 | D:1      | puffin10 the Minotaur Fighter began the quest for the Orb.
     0 | D:1      | Reached XP level 1. HP: 19/19 MP: 0/0
   164 | D:1      | Reached skill level 4 in Shields
   164 | D:1      | Reached XP level 2. HP: 27/27 MP: 1/1
   809 | D:2      | Noticed Terence
   812 | D:2      | Reached XP level 3. HP: 6/33 MP: 2/2
   825 | D:2      | Killed Terence
   825 | D:2      | Killed by an exploding Terence... ignited by their inner
                  | flame

Illustrated notes

Levels and vault maps discovered:
D:1:      minmay_arrival_diagonal_passages, layout_basic, dreamdust_wishing_well
D:2:      layout_loops_cross, basic_altar, st_stairs_2, uniq_terence

Skill      XL: |  1  2 |
---------------+-------+-----
Shields        | 4 |  4.1
Axes           | 3 |  3.4
Fighting       | |  3.9
Armour         | |  3.9

Action                     || total
---------------------------++-------
  Melee: War axe           ||    41
         Headbutt          ||     3
    Use: Scroll            ||     2
 Armour: Scale mail        ||    29
  Dodge: Dodged            ||    22
  Block: Buckler           ||     8

Table legend: (Time is in decaauts)
 A = Elapsed time spent in this place.
 B = Non-inter-level travel time spent in this place.
 C = Inter-level travel time spent in this place.
 D = Time resting spent in this place.
 E = Time spent auto-exploring this place.
 F = Levels seen in this place.
 G = Mean time per level.
                   A        B        C        D        E       F      G
               +--------+--------+--------+--------+--------+-----+--------+
         Total |    840 |    803 |     37 |    103 |    555 |   2 |  420.0 |
       Dungeon |    840 |    803 |     37 |    103 |    555 |   2 |  420.0 |
               +--------+--------+--------+--------+--------+-----+--------+

Top non-repeatable levels by time:
     D:1: 808 daAuts
     D:2: 32 daAuts
